 Dungeon Crawl Stone Soup version 0.31.0-9-g3a7656b989 (webtiles) character file.

Game seed: 7495438699535484457

926 GordonOverkill the Magician (level 7, -1/55 (57) HPs)
             Began as a Demigod Gladiator on Jan 26, 2024.
             Slain by an ice beast (4 damage)
             ... on level 4 of the Dungeon.
             The game lasted 00:10:20 (5397 turns).

GordonOverkill the Magician (Demigod Gladiator)     Turns: 5397, Time: 00:10:20

HP:   -1/55 (57)    AC:  4    Str: 15    XL:     7   Next: 54%
MP:   8/16          EV: 12    Int: 18    God:
Gold: 175           SH:  0    Dex: 15    Spells: 8/14 levels left

rFire   + . .        q - +6 mace of Vuffeughe {freeze, rPois rF+}
rCold   . . .        (no shield)
rNeg    . . .        b - +0 leather armour
rPois   +            c - +0 helmet
rElec   .            (no cloak)
rCorr   .            (no gloves)
SInv    .            (no boots)
Will    .....        (no amulet)
Stlth   +            x - ring of flight
HPRegen 0.29/turn    (no ring)
MPRegen 0.15/turn

%: no passive effects
@: flying, very slightly contaminated, studying Translocations, lightly drained
A: high MP 1, forlorn, divine attributes
a: no special abilities


You were on level 4 of the Dungeon.
You visited 1 branch of the dungeon, and saw 5 of its levels.
You also visited: Ossuary.

You collected 175 gold pieces.

Inventory:

Hand Weapons
 a - a +1 quarterstaff of venom
 q - the +6 mace of Vuffeughe (weapon) {freeze, rPois rF+}
   (You found it on level 2 of the Dungeon)

   rF+:       It protects you from fire.
   rPois:     It protects you from poison
Missiles
 d - 3 throwing nets (quivered)
 h - a javelin
Armour
 b - a +0 leather armour (worn)
 c - a +0 helmet (worn)
Jewellery
 x - a ring of flight (left hand)
Wands
 o - a wand of roots (9)
Scrolls
 f - a scroll of brand weapon
 v - a scroll of identify
 w - a scroll of revelation {unknown}
Potions
 e - 2 potions of berserk rage {unknown}
 g - 2 potions of brilliance
 i - a potion of cancellation {unknown}
 j - 2 potions of resistance {unknown}
 k - a potion of magic {unknown}
 l - a potion of mutation {unknown}
 m - 4 potions of heal wounds {unknown}
 n - 5 potions of curing {unknown}
 r - a potion of ambrosia {unknown}
 s - 3 potions of lignification {unknown}
 t - a potion of attraction {unknown}
 u - a potion of enlightenment {unknown}


   Skills:
 - Level 3.0 Fighting
 - Level 2.6 Staves
 - Level 1.7 Throwing
 - Level 2.6 Dodging
 - Level 4.0 Spellcasting
 - Level 4.0 Conjurations
 + Level 3.9 Air Magic
 - Level 2.0 Evocations


You had 8 spell levels left.
You knew the following spells:

 Your Spells              Type           Power      Damage    Failure   Level
a - Magic Dart            Conj           72%        1d6       3%          1
b - Swiftness             Air            17%        N/A       11%         3
c - Searing Ray           Conj           36%        2d5       5%          2

Your spell library contained the following spells:

 Spells                   Type           Power      Damage    Failure   Level
 Kiss of Death            Conj/Necr      40%        2d8       8%          1
 Momentum Strike          Conj/Tloc      20%        3d8       12%         2
 Hailstorm                Conj/Ice       10%        3d6       24%         3
 Blink                    Tloc           6%         N/A       26%         2
 Ensorcelled Hibernation  Hex/Ice        6%         N/A       26%         2
 Lesser Beckoning         Tloc           6%         N/A       26%         2
 Sublimation of Blood     Necr           3%         N/A       26%         2
 Passwall                 Erth           3%         N/A       47%         3
 Fulminant Prism          Conj/Alch      5%         3d7       61%         4
 Petrify                  Alch/Erth      3%         N/A       87%         4
 Irradiate                Conj/Alch      5%         3d13      91%         5
 Silence                  Hex/Air        5%         N/A       92%         5
 Chain Lightning          Conj/Air       8%         3d11      100%        9


Dungeon Overview and Level Annotations

Branches:
Dungeon (5/15)            Ossuary (visited)
 Temple: D:4-7

Annotations:
D:4 2 transporters, Menkaure
D:5 Edmund


Innate Abilities, Weirdness & Mutations

You have an increased reservoir of magic. (+10% MP)
You shall have no god before yourself.
Your divine heritage dramatically boosts your attributes as you level up.


Message History

The searing ray hits the ice beast.
The ice beast is heavily wounded.
The ice beast hits you but does no damage.
The searing ray hits the ice beast.
The ice beast is severely wounded.
You finish channelling your searing ray.
The ice beast closely misses you.
Casting: Searing Ray (safe; 5% risk of failure)
Confirm with . or Enter, or press ? or * to list all spells.
Aiming: Searing Ray (safe; 5% risk of failure)
Press: ? - help, Shift-Dir - straight line, f/p - ice beast
Aim: an ice beast (severely wounded, 78% to hit)
You miscast Searing Ray.
You are very lightly contaminated with residual magic.
Nothing appears to happen.
The ice beast hits you. The ice beast freezes you!
* * * LOW HITPOINT WARNING * * *
The ice beast hits you.
* * * LOW HITPOINT WARNING * * *
The ice beast freezes you!
* * * LOW HITPOINT WARNING * * *
The ice beast closely misses you. The ice beast hits you.
* * * LOW HITPOINT WARNING * * *
The ice beast freezes you!
* * * LOW HITPOINT WARNING * * *
The ice beast closely misses you.
Unknown command.
Okay, then.
Okay, then.
Okay, then.
Casting: Searing Ray (safe; 5% risk of failure)
Confirm with . or Enter, or press ? or * to list all spells.
Aiming: Searing Ray (safe; 5% risk of failure)
Press: ? - help, Shift-Dir - straight line, f/p - ice beast
Aim: an ice beast (severely wounded, 78% to hit)
The searing ray hits the ice beast.
The ice beast is severely wounded. (Press . to maintain the ray.)
The ice beast hits you.
You die...

#####.## #.#
......# ##.##
#####.########...#
#..........#.#
#########....#
#.##.# #.##.#
#.##.# ###########
#.##@# ..........#
#.##Y# #########.#
#.##.# ........#.#
#.##.# ........#.#
#.##.# ##.###..#.#
#.##.#
8#.#8#..#.###.##.#
........#..##.##.#
..©.....#©....##.#


You could see an ice beast.

Vanquished Creatures
  A sky beast (D:4)
  3 scorpions
  4 water moccasin zombies (Ossuary)
  A burial acolyte (Ossuary)
  2 hounds (D:4)
  An orc priest (D:4)
  A spectral scorpion (Ossuary)
  2 orc wizards (D:4)
  2 bullfrog simulacra (Ossuary)
  2 mummies (Ossuary)
  7 adders
  3 adder zombies (Ossuary)
  3 dart slugs
  3 ribbon worms
  4 orcs
  5 ball pythons
  6 endoplasms
  A giant cockroach (D:4)
  11 gnoll zombies (Ossuary)
  5 goblins
  6 hobgoblins
  5 jackals (D:1)
  4 kobolds
  2 quokkas
  7 bats
  5 frilled lizards
  3 jackal zombies (Ossuary)
  An orc zombie (Ossuary)
  3 rats
103 creatures vanquished.

Vanquished Creatures (others)
  An endoplasm (D:1)
1 creature vanquished.

Grand Total: 104 creatures vanquished

Notes
Turn   | Place    | Note
-------+----------+-------------------------------------------
     0 | D:1      | GordonOverkill the Demigod Gladiator began the quest for
                  | the Orb.
     0 | D:1      | Reached XP level 1. HP: 17/17 MP: 3/3
     6 | D:1      | Noticed a black bear
     6 | D:1      | Noticed a redback
     7 | D:1      | Noticed an iguana
     7 | D:1      | Noticed a wyvern
   126 | D:1      | Reached skill level 1 in Spellcasting
   289 | D:1      | Reached XP level 2. HP: 12/24 MP: 4/6
   915 | D:1      | Reached XP level 3. HP: 26/29 MP: 8/8
  1475 | D:2      | Identified the +6 mace of Vuffeughe {freeze, rPois rF+}
  1582 | D:2      | Learned a level 1 spell: Magic Dart
  1794 | D:3      | Identified a scroll of acquirement
  1794 | D:3      | Acquired the Codex of the Vehement Wind
  1906 | D:3      | Reached skill level 1 in Conjurations
  1997 | D:3      | Reached XP level 4. HP: 25/38 MP: 1/9
  3017 | D:4      | Learned a level 3 spell: Swiftness
  3117 | D:4      | Noticed a sky beast
  3185 | D:4      | Found a transporter.
  3186 | D:4      | Noticed a necrophage
  3189 | D:4      | Found a transporter.
  3192 | D:4      | Noticed a phantom
  3341 | D:4      | Found a sand-covered staircase.
  3345 | Ossuary  | Entered an ossuary
  3349 | Ossuary  | Learned a level 2 spell: Searing Ray
  3452 | Ossuary  | Reached XP level 5. HP: 45/45 MP: 2/10
  3458 | Ossuary  | Reached skill level 1 in Air Magic
  3653 | Ossuary  | Reached XP level 6. HP: 22/51 MP: 1/12
  4191 | D:4      | Noticed Menkaure
  4379 | D:4      | Reached XP level 7. HP: 57/57 MP: 9/16
  4397 | D:4      | Reached skill level 1 in Evocations
  5098 | D:5      | Entered Level 5 of the Dungeon
  5106 | D:5      | Noticed Edmund
  5373 | D:5      | Noticed a two-headed ogre
  5397 | D:4      | Slain by an ice beast

Illustrated notes

Levels and vault maps discovered:
D:1:      onia_arrival_zoo_common, layout_basic, serial_glass, glass_columns_b,
          glass_columns_a, glass_columns_a, glass_columns_c,
          due_unseen_surprise, lemuel_flame_loot_1
D:2:      layout_basic, serial_glass, glass_columns_a, glass_columns_a,
          glass_columns_a, glass_columns_a, feat_on_display, item_on_display_a,
          feat_on_display, minmay_three_crescents
D:3:      layout_basic, cheibrodos_ashenzari_chains, serial_forest,
          infiniplex_forest_lined_2, infiniplex_forest_clump_curved,
          infiniplex_forest_clump_diagonal, infiniplex_forest_clump_diagonal,
          infiniplex_forest_clump_C, infiniplex_forest_clump_tiny
D:4:      layout_loops_ring, gammafunk_temple_of_torment,
          mainiacjoe_overflow_24_doors, lemuel_tele_altar, enter_ossuary_5
D:5:      layout_gridville, kennysheep_mini, minmay_manual_mail, uniq_eustachio,
          uniq_duvessa, uniq_edmund

Skill      XL: |  1  2  3  4  5  6  7 |
---------------+----------------------+-----
Fighting       | 2 3 |  3.0
Spellcasting   | 1 2 4 |  4.0
Conjurations   | 1 2 3 4 |  4.0
Air Magic      | 3 |  3.9
Evocations     | 2 |  2.0
Staves         | |  2.6
Throwing       | |  1.7
Dodging        | |  2.6

Action                     |  1- 3 |  4- 6 |  7- 9 || total
---------------------------+-------+-------+-------++-------
  Melee: Quarterstaff      |    96 |       |       ||    96
         Mace              |    15 |    32 |    13 ||    60
         Punch             |       |     1 |     1 ||     2
   Cast: Magic Dart        |    15 |    70 |    24 ||   109
         Searing Ray       |       |    15 |     5 ||    20
         Swiftness         |       |     1 |       ||     1
    Use: Scroll            |     3 |     7 |     1 ||    11
   Stab: Sleeping          |       |       |     1 ||     1
 Armour: Leather armour    |    76 |    82 |    26 ||   184
  Dodge: Dodged            |   101 |    61 |    22 ||   184
